 Dungeon Crawl Stone Soup version 0.31-b1-22-gc680215f68 (webtiles) character file.

Game seed: 16244194334486287028

4958 Peloso the Carver (level 10, -2/81 (90) HPs)
             Began as a Minotaur Fighter on Jan 18, 2024.
             Was a Priest of Okawaru.
             Slain by an ice beast (14 damage)
             ... on level 9 of the Dungeon.
             The game lasted 00:16:53 (9298 turns).

Peloso the Carver (Minotaur Fighter)                Turns: 9298, Time: 00:16:53

HP:   -2/81 (90)    AC: 20    Str: 21    XL:     10   Next: 28%
MP:   0/9           EV: 10    Int:  5    God:    Okawaru [***...]
Gold: 372           SH:  7    Dex: 14    Spells: 9/9 levels left

rFire   . . .        a - +0 long sword
rCold   . . .        d - +0 buckler
rNeg    . . .        g - +0 plate armour
rPois   .            v - +2 hat
rElec   .            m - +0 cloak
rCorr   .            (no gloves)
SInv    .            (no boots)
Will    .....        j - amulet of guardian spirit Stlth
                     (no ring)
HPRegen 0.33/turn    (no ring)
MPRegen 0.11/turn

%: guardian spirit
@: heroic, frozen, studying Staves, heavily drained, very slow
A: horns 2, retaliatory headbutt
a: Renounce Religion, Heroism


You were on level 9 of the Dungeon.
You worshipped Okawaru.
Okawaru was most pleased with you.
You visited 2 branches of the dungeon, and saw 10 of its levels.

You collected 519 gold pieces.
You spent 147 gold pieces at shops.

Inventory:

Hand Weapons
 a - a +0 long sword (weapon)
 b - a +2 spear of flaming
Armour
 c - a +0 chain mail
 d - a +0 buckler (worn)
 g - a +0 plate armour (worn)
 m - a +0 cloak (worn)
 v - a +2 hat (worn)
Jewellery
 j - an amulet of guardian spirit (around neck)
 r - a ring of positive energy
 C - a ring of magical power
 D - an amulet of reflection
Talismans
 o - a beast talisman
Wands
 s - a wand of flame (45)
 A - a wand of quicksilver (5)
 E - a wand of iceblast (4)
Scrolls
 h - 2 scrolls of brand weapon
 k - 2 scrolls of revelation
 l - 5 scrolls of teleportation
 n - a scroll of enchant armour
 p - 3 scrolls of fear
 u - a scroll of immolation
 z - 2 scrolls of vulnerability
 B - a scroll of enchant weapon
Potions
 e - a potion of might
 f - 3 potions of haste
 i - 2 potions of resistance
 q - 3 potions of mutation
 t - 2 potions of curing
 w - 4 potions of heal wounds
 x - a potion of enlightenment


   Skills:
 + Level 8.5(13.5) Fighting
 + Level 11.5(16.5) Long Blades
 + Level 10.5(15.5) Armour
 + Level 2.1(7.1) Dodging
 + Level 0.3(5.3) Stealth
 + Level 7.2(12.2) Shields
 + Level 0.1 Invocations


You had 9 spell levels left.
You didn't know any spells.
Your spell library contained the following spells:

 Spells                   Type           Power      Damage    Failure   Level
 Sandblast                Erth           0%         2d4       99%         1
 Blink                    Tloc           0%         N/A       100%        2
 Cigotuvi's Dreadful Rot  Necr/Alch/Air  0%         N/A       100%        2
 Lesser Beckoning         Tloc           0%         N/A       100%        2
 Momentum Strike          Conj/Tloc      0%         3d8       100%        2
 Fugue of the Fallen      Necr           0%         N/A       100%        3
 Gell's Gravitas          Tloc           0%         N/A       100%        3
 Ozocubu's Armour         Ice            0%         N/A       100%        3
 Passwall                 Erth           0%         N/A       100%        3
 Stone Arrow              Conj/Erth      0%         3d7       100%        3
 Teleport Other           Tloc           0%         N/A       100%        3
 Brom's Barrelling Bould  Conj/Erth      0%         2d3       100%        4
 Ignite Poison            Fire/Alch      0%         N/A       100%        4
 Manifold Assault         Tloc           0%         N/A       100%        4
 Freezing Cloud           Conj/Ice/Air   0%         6-21      100%        5
 Dispersal                Tloc           0%         N/A       100%        6


Dungeon Overview and Level Annotations

Branches:
Dungeon (9/15)             Temple (1/1) D:5
   Lair: D:8-11         Orc: D:9-12

Altars:
Ashenzari
Cheibriados
Dithmenos
Elyvilon
Fedhas
Gozag
Hepliaklqana
Kikubaaqudgha
Makhleb
Nemelex Xobeh
Okawaru
Ru
Sif Muna
Trog
Uskayaw
Vehumet
Wu Jian
Xom
Yredelemnul
Zin
The Shining One

Shops:
D:4 ::[*=   D:6 (

Annotations:
D:2 1 runed translucent door, Crazy Yiuf


Innate Abilities, Weirdness & Mutations

You have a pair of horns on your head.
You reflexively headbutt those who attack you in melee.


Message History

You closely miss the rime drake.
The rime drake bites you but does no damage.
The ice beast closely misses you. You furiously retaliate!
You headbutt the ice beast! You hit the rime drake.
The rime drake is lightly wounded.
You block the rime drake's attack.
You hit the rime drake but do no damage.
The rime drake is lightly wounded.
The ice beast hits you but does no damage.
The rime drake closely misses you.
You slash the rime drake! You headbutt the rime drake!
The rime drake is heavily wounded.
The ice beast hits you but does no damage.
The rime drake breathes ice at you. The icy flash freeze hits you!
* * * LOW HITPOINT WARNING * * *
You are encased in ice.
You hit the rime drake but do no damage.
The rime drake is heavily wounded.
The ice beast hits you but does no damage.
The rime drake bites you but does no damage.
Unknown command.
You feel more confident with your borrowed prowess.
You can no longer speed up your combat.
The rime drake barely misses you. You block the ice beast's attack.
You hit the rime drake but do no damage.
The rime drake is heavily wounded.
The rime drake bites you but does no damage.
Unknown command.
You slash the rime drake!
The rime drake is almost dead.
The ice beast barely misses you. The rime drake closely misses you.
Unknown command.
You hit the rime drake but do no damage.
The rime drake is almost dead.
The ice beast hits you.
* * * LOW HITPOINT WARNING * * *
The ice beast freezes you!
You die...

#........<#.........
#.........#.........
......#.........#.........
......#.........#.........
#..#..#.........#.........
.....#.#.......(.#.........
........##..##............)
.#......##..##...≈≈≈≈≈≈≈≈≈.
.........#@......≈.......≈.
....#...k#Y.....≈.#####.≈.
#.....#......≈.....#.≈.
##?....~.....≈.#._.#.≈.
#..~....####.≈.#.....≈.
.....#.........≈.# ###...
....#......#.....≈.......≈o
...#.#.#.........≈≈≈≈≈≈≈≈≈.
#.###...................o..


You could see a rime drake and an ice beast.

Vanquished Creatures
  Joseph (D:7)
  Jeremiah (D:8)
  A polar bear (D:9)
  A troll (D:6)
  4 yaks (D:6)
  Sigmund (D:5)
  2 steam dragons (D:8)
  2 water moccasins
  2 orc warriors
  An ice beast (D:9)
  A sky beast (D:7)
  A centaur (D:9)
  2 ogres
  Blork the orc (D:5)
  3 bullfrogs
  3 gnoll sergeants
  5 scorpions
  3 wights (D:7)
  5 killer bees (D:7)
  3 howler monkeys
  2 jellies
  An orc priest (D:4)
  3 gnoll boudas
  2 hounds
  3 iguanas
  5 orc wizards
  Robin (D:2)
  8 adders
  20 gnolls
  2 ufetubi (D:6)
  2 dart slugs
  A ribbon worm (D:2)
  30 orcs
  9 ball pythons
  8 endoplasms
  2 giant cockroaches
  17 goblins
  6 hobgoblins
  2 jackals (D:3)
  A quokka (D:1)
  3 training dummies (D:6)
  8 bats
  3 frilled lizards
  8 kobolds
  6 rats
196 creatures vanquished.

Notes
Turn   | Place    | Note
-------+----------+-------------------------------------------
     0 | D:1      | Peloso the Minotaur Fighter began the quest for the Orb.
     0 | D:1      | Reached XP level 1. HP: 19/19 MP: 0/0
    13 | D:1      | Reached XP level 2. HP: 7/27 MP: 1/1
   437 | D:1      | Reached XP level 3. HP: 33/33 MP: 2/2
   635 | D:1      | Reached skill level 3 in Long Blades
  1110 | D:2      | Noticed Robin
  1257 | D:2      | Found a shimmering altar of Xom.
  1284 | D:2      | Killed Robin
  1298 | D:2      | Reached XP level 4. HP: 31/40 MP: 3/3
  1416 | D:2      | Found a runed translucent door.
  1416 | D:2      | Found the +6 shillelagh "Devastator" {shatter}
  1417 | D:2      | Noticed Crazy Yiuf
  1940 | D:3      | Found a hazy altar of Hepliaklqana.
  2109 | D:3      | Reached skill level 4 in Long Blades
  2131 | D:3      | Reached XP level 5. HP: 46/47 MP: 4/4
  2585 | D:4      | Found Bumeusso's Book Shop.
  2647 | D:4      | Found Barry's Armour Emporium.
  2702 | D:4      | Found Wahof's Jewellery Boutique.
  2709 | D:4      | Found Ikacopt's Assorted Antiques.
  2715 | D:4      | Bought a scroll labelled PISOKO TYHASIM for 30 gold pieces
  2715 | D:4      | Bought a scroll labelled WIRCHIN EHUN for 30 gold pieces
  2715 | D:4      | Bought a scroll labelled PISOKO TYHASIM for 30 gold pieces
  2715 | D:4      | Bought a scroll labelled OFAGGA UREST for 30 gold pieces
  2715 | D:4      | Bought a metallic blue potion for 27 gold pieces
  3143 | D:4      | Reached skill level 5 in Long Blades
  3156 | D:4      | Reached skill level 5 in Fighting
  3156 | D:4      | Reached skill level 5 in Armour
  3212 | D:4      | Reached XP level 6. HP: 56/56 MP: 5/5
  3294 | D:4      | Found Paywy's Book Shop.
  3449 | D:5      | Entered Level 5 of the Dungeon
  3469 | D:5      | Reached skill level 1 in Dodging
  3635 | D:5      | Found a staircase to the Ecumenical Temple.
  3656 | Temple   | Entered the Ecumenical Temple
  3687 | Temple   | Became a worshipper of Warmaster Okawaru
  3806 | D:5      | Reached XP level 7. HP: 56/61 MP: 4/6
  3811 | D:5      | Reached skill level 6 in Long Blades
  3848 | D:5      | Noticed Sigmund
  3864 | D:5      | Killed Sigmund
  3864 | D:5      | Reached * piety under Okawaru
  3908 | D:5      | Noticed Blork the orc
  3921 | D:5      | Killed Blork the orc
  3959 | D:5      | Found a sparkling altar of Nemelex Xobeh.
  3959 | D:5      | Found a sacrificial altar of Ru.
  4001 | D:5      | Reached skill level 7 in Long Blades
  4342 | D:6      | Noticed a yak
  4344 | D:6      | Noticed a yak
  4346 | D:6      | Noticed a yak
  4347 | D:6      | Noticed a yak
  4352 | D:6      | Killed a yak
  4353 | D:6      | Reached skill level 5 in Shields
  4353 | D:6      | Reached XP level 8. HP: 68/70 MP: 7/7
  4366 | D:6      | Reached skill level 8 in Long Blades
  4378 | D:6      | Reached ** piety under Okawaru
  4385 | D:6      | HP: 3/71 [yak (8)]
  4635 | D:6      | Found Mufotoho's Firing Range.
  4943 | D:6      | Reached skill level 9 in Long Blades
  5044 | D:6      | Reached XP level 9. HP: 63/78 MP: 8/8
  5123 | D:6      | Noticed a troll
  5136 | D:6      | Killed a troll
  5271 | D:6      | Reached *** piety under Okawaru
  5747 | D:7      | Found a basalt altar of Yredelemnul.
  5941 | D:7      | Noticed Joseph
  5968 | D:7      | Killed Joseph
  5969 | D:7      | Reached skill level 10 in Long Blades
  6603 | D:7      | Found a glowing silver altar of Zin.
  6738 | D:7      | Reached skill level 10 in Armour
  7143 | D:8      | Reached **** piety under Okawaru
  7585 | D:8      | Noticed Jeremiah
  7718 | D:8      | Reached XP level 10. HP: 12/75 MP: 4/9
  7922 | D:8      | Killed Jeremiah
  7923 | D:8      | Reached skill level 11 in Long Blades
  9238 | D:9      | Found an ancient bone altar of Kikubaaqudgha.
  9298 | D:9      | Slain by an ice beast

Illustrated notes

Levels and vault maps discovered:
D:1:      dpeg_arrival_houses_and_road, layout_basic
D:2:      layout_rooms, basic_altar, minmay_shallow_snake_nest, uniq_robin,
          uniq_crazy_yiuf_cottage
D:3:      layout_loops_cross, mainiacjoe_overflow_concentric_impassable
D:4:      layout_loops_ring, serial_shops, nicolae_shop_rolling_square,
          kennysheep_mini_moat, nicolae_shop_window_shopping, shop, shop
D:5:      layout_basic, mainiacjoe_overflow_large_starburst,
          minmay_temple_entry_statues_fountains, minmay_hedge_maze,
          uniq_sigmund, uniq_blork_the_orc
D:6:      layout_loops_ring, nicolae_shop_firing_range
D:7:      layout_gridville, general_overflow_altar, old_standard_altar,
          columned_hall_lemuel, minmay_manual_mess, uniq_joseph
D:8:      layout_layer_cave, kennysheep_generic_room_10, uniq_jeremiah
D:9:      layout_gridville, mainiacjoe_overflow_brackets, lemuel_round_altar,
          hellmonk_lair_entry_icy
Temple:   bh_familiar_temple

Skill      XL: |  1  2  3  4  5  6  7  8  9 10 |
---------------+-------------------------------+-----
Fighting       | 4 5 6 7 8 |  8.5
Armour         | 4 5 6 7 8 10 | 10.5
Shields        | 4 5 7 |  7.2
Long Blades    | 3 4 5 7 9 10 11 | 11.5
Dodging        | 1 2 |  2.1
Stealth        | |  0.3
Invocations    | |  0.1

Action                     |  1- 3 |  4- 6 |  7- 9 | 10-12 || total
---------------------------+-------+-------+-------+-------++-------
  Melee: Long sword        |    91 |   205 |   389 |   106 ||   791
         Headbutt          |    12 |    37 |    92 |    14 ||   155
 Invoke: Heroism           |       |       |     1 |     3 ||     4
  Evoke: Wand              |       |       |       |     2 ||     2
    Use: Potion            |     4 |       |       |       ||     4
         Scroll            |       |     7 |     7 |     2 ||    16
 Armour: Scale mail        |     8 |       |       |       ||     8
         Chain mail        |    77 |   116 |       |       ||   193
         Plate armour      |       |    44 |   346 |    99 ||   489
  Dodge: Dodged            |    40 |    76 |   126 |    31 ||   273
  Block: Buckler           |    22 |    48 |   112 |    31 ||   213
